 Dungeon Crawl Stone Soup version 0.22-a0-283-g1871b15 (webtiles) character file.

39705 galech the Grappler (level 13, -13/137 HPs)
             Began as a Troll Monk on Mar 19, 2018.
             Was a High Priest of Okawaru.
             Killed from afar by an ice statue (34 damage)
             ... with a bolt of cold
             ... in an ice cave.
             The game lasted 00:25:52 (15124 turns).

galech the Grappler (Troll Monk)                   Turns: 15124, Time: 00:25:53

Health: -13/137    AC:  9    Str: 29    XL:     13   Next: 70%
Magic:  0/12       EV: 16    Int:  6    God:    Okawaru [*****.]
Gold:   1229       SH: 10    Dex:  7    Spells: 12/12 levels left

rFire    . . .     SeeInvis .     - Unarmed
rCold    . . .     Gourm    +   G - +0 shield "Ykuzoto" {MR++ Str+3 Dex-5 Slay+2}
rNeg     . . .     Faith    .   I - +1 robe {MR+}
rPois    .         Spirit   +   R - +1 hat
rElec    .         Reflect  .   e - +1 cloak {+Inv}
rCorr    .         Harm     .   (gloves unavailable)
MR       ++++.                  (boots unavailable)
Stlth    +.........             D - amulet of guardian spirit
HPRegen  0.72/turn              C - ring of protection from magic
MPRegen  0.13/turn              E - +3 ring of evasion

@: no status effects
A: large, unfitting armour, claws 3, fast metabolism 3, gourmand, regeneration
1, shaggy fur 1, tough skin 2
a: Heroism, Finesse, Renounce Religion, Evoke Invisibility


You were in an ice cave.
You worshipped Okawaru.
Okawaru was extremely pleased with you.
You were very full.

You visited 3 branches of the dungeon, and saw 18 of its levels.
You also visited: Ice Cave.

You collected 1229 gold pieces.

Inventory:

Armour
 e - a +1 cloak of invisibility (worn)
 G - the +0 shield "Ykuzoto" (worn) {MR++ Str+3 Dex-5 Slay+2}
   (Okawaru gifted it to you on level 9 of the Dungeon)

   It affects your strength (+3).
   It affects your dexterity (-5).
   It affects your accuracy and damage with ranged weapons and melee attacks
   (+2).
   It affects your resistance to hostile enchantments.
 I - a +1 robe of magic resistance (worn)
 R - a +1 hat (worn)
Jewellery
 f - an uncursed ring of positive energy
 t - an uncursed ring of protection from magic
 A - an uncursed amulet of magic regeneration {unknown}
 C - a ring of protection from magic (left claw)
 D - an amulet of guardian spirit (around neck)
 E - a +3 ring of evasion (right claw)
 F - an uncursed amulet of magic regeneration {unknown}
 J - an uncursed amulet of rage {unknown}
 X - an uncursed ring of fire
Wands
 a - a wand of clouds (5)
 u - a wand of iceblast (10)
 w - a wand of acid (11)
 x - a wand of digging (53)
 P - a wand of enslavement (31)
 Q - a wand of flame (27)
 V - a wand of scattershot (4)
 W - a wand of random effects (18)
Scrolls
 d - 7 scrolls of teleportation {unknown}
 g - 2 scrolls of fog
 h - 10 scrolls of remove curse {unknown}
 k - 6 scrolls of amnesia {unknown}
 m - 5 scrolls of noise
 o - 3 scrolls of enchant armour
 p - 2 scrolls of random uselessness
 r - 3 scrolls of blinking
 v - a scroll of enchant weapon
 y - a scroll of immolation
 B - a scroll of summoning {unknown}
 K - 2 scrolls of vulnerability
 L - a scroll of silence
 M - 2 scrolls of brand weapon
 O - 4 scrolls of identify
 U - a scroll of torment {unknown}
Potions
 c - 3 potions of agility {unknown}
 i - 3 potions of haste
 j - 3 potions of lignification {unknown}
 l - 4 potions of heal wounds {unknown}
 n - 7 potions of might
 q - 4 potions of flight {unknown}
 s - 10 potions of curing
 z - 3 potions of cancellation {unknown}
 H - 6 potions of brilliance {unknown}
 N - a potion of magic {unknown}
 S - 2 potions of degeneration {unknown}
 Y - 2 potions of resistance {unknown}
Comestibles
 b - 31 rations
 T - 13 chunks of flesh


   Skills:
 + Level 11.2 Fighting
 + Level 11.2 Dodging
 - Level 1.0 Stealth
 + Level 7.2 Shields
 + Level 13.0 Unarmed Combat


You had 12 spell levels left.
You didn't know any spells.

Dungeon Overview and Level Annotations

Branches:
Dungeon (12/15)            Temple (1/1) D:4            Lair (5/6) D:8
  Swamp (0/4) Lair:4       Spider (0/4) Lair:3
  Slime: Lair:5-6       Orc: D:9-12

Altars:
Ashenzari
Dithmenos
Elyvilon
Gozag
Hepliaklqana
Kikubaaqudgha
Nemelex Xobeh
Okawaru
Qazlal
Trog
Uskayaw
Vehumet
Wu Jian
Xom
The Shining One

Shops:
D:9 %

Annotations:
IceCv exclusion: ice statue


Innate Abilities, Weirdness & Mutations

You are too large for most types of armour.
You have claws for hands.
Your metabolism is lightning-fast.
You like to eat raw meat.
Your natural rate of healing is unusually fast.
You are covered in fur. (AC +1)
You have very tough skin. (AC +2)


Message History

You scratch the ice statue.
The ice statue is lightly damaged.
You are engulfed in freezing vapours.
The ice statue gestures at you. The freezing blast engulfs you!
You mangle the ice statue!!
The ice statue is moderately damaged.
You are engulfed in freezing vapours.
* * * LOW HITPOINT WARNING * * *
You claw the ice statue!
The ice statue is heavily damaged.
You are engulfed in freezing vapours.
* * * LOW HITPOINT WARNING * * *
The ice statue gestures at you. The bolt of cold misses you.
You scratch the ice statue.
The ice statue is heavily damaged.
The ice statue gestures at you. The bolt of cold hits you!
You die...

## ### ≈ ..## ≈ ...##
#..## #..### #
###.§.8## ##
###....@§§# #.
###.....§.### ##
##.....§.§## #### #
#.......#######..## #
#......§###.......####
##.....#........##...##
##............#...#..#
# ##..........##≈≈##..#
# ##.#....#.##≈≈##..##
#


You could see an ice statue.

Vanquished Creatures
  Gastronok (D:12)
  Frances (D:11)
  2 hydras
  A centaur warrior (D:12)
  A death yak (D:10)
  7 two-headed ogres
  Erica (D:8)
  Pikel (D:4)
  An orc knight (D:11)
  2 oklob plants (Lair:3)
  A manticore (D:12)
  2 cyclopes (D:11)
  An elephant (D:8)
  An ugly thing (D:11)
  Joseph (D:10)
  4 black mambas
  2 centaur skeletons
  A gargoyle (D:11)
  A rime drake (Lair:4)
  A spiny frog (Lair:2)
  A komodo dragon (Lair:1)
  A troll (D:12)
  8 polar bears
  A wolf spider simulacrum (D:12)
  7 blink frogs
  Grinder (D:4)
  A hornet (Lair:4)
  A meliai zombie (D:12)
  3 hippogriffs
  Sigmund (D:5)
  A wraith (D:12)
  47 yaks
  A wyvern (Lair:4)
  Grum (D:9)
  A hungry ghost (D:9)
  A vampire mosquito (D:12)
  Menkaure (D:4)
  Edmund (D:4)
  A warg (D:12)
  6 porcupines
  4 water moccasins
  An acid dragon (D:12)
  2 sky beasts
  A swamp drake (Lair:4)
  6 orc warriors
  2 black bears (D:7)
  A necrophage (D:11)
  5 ice beasts
  4 ogres
  5 centaurs
  10 wolves
  14 crocodiles
  A big kobold (D:9)
  10 bullfrogs
  A wyvern skeleton (D:8)
  6 scorpions
  14 killer bees
  11 wights
  3 howler monkeys
  An electric eel (D:10)
  13 crimson imps
  A quasit (D:11)
  2 bullfrog zombies
  7 hounds
  3 orc wizards
  7 orc priests
  3 jellies
  8 worker ants
  Ijyb (D:4)
  Natasha (twice) (D:3)
  Terence (D:3)
  5 iguanas
  2 hound zombies
  A hound skeleton (D:9)
  A worker ant zombie (D:9)
  Robin (D:4)
  13 gnolls
  13 adders
  A shadow imp (D:7)
  12 white imps (Lair:5)
  3 oozes
  An adder skeleton (D:5)
  5 worms
  3 dart slugs
  2 leopard geckos
  29 orcs
  2 ball pythons
  4 giant cockroaches
  17 goblins
  17 hobgoblins
  10 jackals
  6 quokkas
  7 bats
  3 frilled lizards
  A giant cockroach zombie (D:5)
  15 kobolds
  A leopard gecko skeleton (D:8)
  15 rats
  A fungus (Lair:3)
  4 plants (Lair:3)
464 creatures vanquished.

Vanquished Creatures (others)
  4 fungi
  4 plants
8 creatures vanquished.

Grand Total: 472 creatures vanquished

Notes
Turn   | Place    | Note
-------+----------+-------------------------------------------
     0 | D:1      | galech the Troll Monk began the quest for the Orb.
     0 | D:1      | Reached XP level 1. HP: 22/22 MP: 0/0
   238 | D:1      | Reached XP level 2. HP: 16/29 MP: 1/1
   443 | D:1      | Reached XP level 3. HP: 36/36 MP: 2/2
   930 | D:2      | Reached XP level 4. HP: 44/45 MP: 3/3
  1636 | D:3      | Reached skill level 4 in Unarmed Combat
  1651 | D:3      | Reached XP level 5. HP: 42/53 MP: 4/4
  1853 | D:3      | Noticed Natasha
  1877 | D:3      | Killed Natasha
  1942 | D:3      | Noticed Terence
  1950 | D:3      | Killed Terence
  2121 | D:4      | Noticed an ogre
  2136 | D:4      | Killed an ogre
  2136 | D:4      | Reached XP level 6. HP: 16/62 MP: 5/5
  2252 | D:4      | Noticed Edmund
  2279 | D:4      | Killed Edmund
  2320 | D:4      | Noticed Grinder
  2328 | D:4      | Reached skill level 5 in Unarmed Combat
  2333 | D:4      | Paralysed by Grinder for 7 turns
  2350 | D:4      | Killed Grinder
  2350 | D:4      | Reached XP level 7. HP: 44/71 MP: 6/6
  2409 | D:4      | Noticed Pikel
  2420 | D:4      | Killed Pikel
  2420 | D:4      | Reached skill level 5 in Fighting
  2420 | D:4      | Reached skill level 5 in Dodging
  2420 | D:4      | Reached skill level 6 in Unarmed Combat
  2420 | D:4      | Reached XP level 8. HP: 63/80 MP: 7/7
  2589 | D:4      | Noticed Ijyb
  2598 | D:4      | Killed Ijyb
  2616 | D:4      | Noticed Menkaure
  2626 | D:4      | Killed Menkaure
  2662 | D:4      | Found a shattered altar of Ashenzari.
  2724 | D:4      | Noticed Robin
  2767 | D:4      | Killed Robin
  2925 | D:3      | Noticed Natasha
  2928 | D:3      | Killed Natasha
  3134 | D:4      | Reached skill level 7 in Unarmed Combat
  3421 | D:4      | Found a staircase to the Ecumenical Temple.
  3427 | Temple   | Entered the Ecumenical Temple
  3434 | Temple   | Became a worshipper of Warmaster Okawaru
  3434 | Temple   | Reached * piety under Okawaru
  3434 | Temple   | Reached ** piety under Okawaru
  3497 | D:5      | Entered Level 5 of the Dungeon
  3563 | D:5      | Reached XP level 9. HP: 79/89 MP: 8/8
  4016 | D:5      | Noticed Sigmund
  4032 | D:5      | Killed Sigmund
  4613 | D:6      | Found a bloodstained altar of Trog.
  4929 | D:7      | Reached *** piety under Okawaru
  4929 | D:7      | Reached skill level 8 in Unarmed Combat
  5672 | D:7      | Found a hazy altar of Hepliaklqana.
  5821 | D:8      | Reached **** piety under Okawaru
  5873 | D:8      | Found a staircase to the Lair.
  5874 | D:8      | Reached XP level 10. HP: 102/102 MP: 9/9
  5875 | D:8      | Noticed an elephant
  6070 | D:8      | Noticed a two-headed ogre
  6077 | D:8      | Killed a two-headed ogre
  6077 | D:8      | Reached skill level 9 in Unarmed Combat
  6235 | D:8      | Killed an elephant
  6563 | D:9      | Noticed a two-headed ogre
  6563 | D:9      | Noticed Erica
  6577 | D:8      | Killed a two-headed ogre
  6577 | D:8      | Reached ***** piety under Okawaru
  6662 | D:8      | Killed Erica
  6727 | D:8      | Reached skill level 10 in Unarmed Combat
  6734 | D:9      | Noticed a two-headed ogre
  6913 | D:8      | Killed a two-headed ogre
  6985 | D:9      | Received a gift from Okawaru
  6994 | D:9      | Reached XP level 11. HP: 112/113 MP: 8/10
  7002 | D:9      | Got a bloodstained shield {god gift}
  7008 | D:9      | Identified the +0 shield "Ykuzoto" {MR++ Str+3 Dex-5 Slay+2} (Okawaru gifted it to you on level 9 of the Dungeon)
  7190 | D:9      | Found Xeniott's Food Shop.
  7339 | D:9      | Noticed Grum
  7349 | D:9      | Killed Grum
  7570 | D:9      | Reached skill level 1 in Shields
  7831 | D:10     | Entered Level 10 of the Dungeon
  7892 | D:10     | Found a shimmering altar of Xom.
  7956 | D:10     | Noticed a two-headed ogre
  7958 | D:10     | Noticed Joseph
  7987 | D:9      | Killed a two-headed ogre
  8075 | D:10     | Killed Joseph
  8434 | D:10     | Noticed a two-headed ogre
  8473 | D:10     | Noticed a death yak
  8514 | D:10     | Killed a death yak
  8514 | D:10     | Reached skill level 11 in Unarmed Combat
  8525 | D:10     | Killed a two-headed ogre
  8716 | D:10     | Received a gift from Okawaru
  9138 | D:11     | Reached XP level 12. HP: 105/126 MP: 9/11
  9148 | D:11     | Noticed a two-headed ogre
  9153 | D:11     | Killed a two-headed ogre
  9343 | D:11     | Received a gift from Okawaru
  9510 | D:11     | Reached skill level 10 in Fighting
  9520 | D:11     | Reached skill level 10 in Dodging
  9635 | D:11     | Reached ****** piety under Okawaru
  9818 | D:12     | Noticed a centaur warrior
  9822 | D:12     | Killed a centaur warrior
  9822 | D:12     | Reached skill level 5 in Shields
  9835 | D:12     | Noticed Gastronok
  9862 | D:12     | Killed Gastronok
  9862 | D:12     | Reached skill level 12 in Unarmed Combat
  9864 | D:12     | Noticed Frances
  9999 | D:11     | Received a gift from Okawaru
 10263 | D:11     | Killed Frances
 10618 | D:12     | Noticed a two-headed ogre
 10638 | D:12     | HP: 3/127 [two-headed ogre/dire flail (14)]
 10639 | D:12     | Killed a two-headed ogre
 10839 | D:12     | Reached XP level 13. HP: 131/135 MP: 12/12
 10986 | Lair:1   | Entered Level 1 of the Lair of Beasts
 11611 | Lair:1   | Found a white marble altar of Elyvilon.
 12023 | Lair:2   | Received a gift from Okawaru
 12623 | Lair:3   | Found a hole to the Spider Nest.
 12897 | Lair:3   | Found a bloodstained altar of Trog.
 13650 | Lair:4   | Paralysed by a hornet for 2 turns
 14023 | Lair:4   | Found a staircase to the Swamp.
 14664 | Lair:5   | Found a frozen archway.
 14765 | IceCv    | Entered an ice cave
 14847 | IceCv    | Reached skill level 13 in Unarmed Combat
 15124 | IceCv    | Killed from afar by an ice statue

Vault maps used:
D:1:      lightli_arrival_statue_moat, minmay_rat_gold_closets
D:3:      first_ration, uniq_terence, uniq_natasha
D:4:      minmay_temple_entry_fiery, evilmike_ruin_ashenzari, uniq_grinder,
          uniq_ijyb, uniq_robin, uniq_edmund, uniq_pikel, uniq_menkaure
D:5:      serial_bayou_lagoon_a, uniq_sigmund
D:6:      corexii_shack_village, trog_hazing_becter
D:7:      kennysheep_mini
D:8:      david_lair_generic
D:9:      cheibrodos_fzero, serial_shops, shop, uniq_grum, uniq_erica
D:10:     argonaut_augean_stables, basic_altar, uniq_joseph
D:12:     minmay_swirls_squares, uniq_frances, uniq_gastronok
Temple:   dpeg_three_leaves_temple
Lair:1:   basic_altar, infiniplex_staircase_pool_2
Lair:2:   lemuel_fruit_fields, lemuel_fruit_tree, lemuel_fruit_fields
Lair:3:   dummy_spider_entry, basic_altar, wad_woods_road_02,
          infiniplex_staircase_pool, minmay_lair_oklob_chamber,
          grunt_megastairs_2
Lair:4:   minmay_swamp_entry_reptiles, cheibrodos_lair_caveside_slide,
          serial_bayou_shore_b
Lair:5:   portal_ice_cave_entry_imps, nicolae_quartered_pool_medium,
          grunt_forest_stairs_clearing
IceCv:    ice_cave_small_giant

Skill      XL: |  1  2  3  4  5  6  7  8  9 10 11 12 13 |
---------------+----------------------------------------+-----
Fighting       | 3 4 5 6 7 8 9 10 11 | 11.2
Dodging        | 3 4 5 6 7 8 9 10 11 | 11.2
Unarmed Combat | 4 5 6 7 8 10 11 12 13 | 13.0
Shields        | 3 6 7 |  7.2
Stealth        | |  1.0

Action                   |  1- 3 |  4- 6 |  7- 9 | 10-12 | 13-15 || total
-------------------------+-------+-------+-------+-------+-------++-------
Melee: Unarmed           |    93 |   170 |   312 |   619 |   369 ||  1563
       Punch             |       |     3 |     9 |     8 |     1 ||    21
Invok: Heroism           |       |       |       |     9 |     3 ||    12
       Finesse           |       |       |       |       |     1 ||     1
  Use: Scroll            |       |       |       |    11 |     1 ||    12
 Stab: Sleeping          |     4 |     1 |     5 |     2 |       ||    12
       Distracted        |       |       |     1 |       |       ||     1
  Eat: Chunk             |    14 |    13 |    32 |    50 |    41 ||   150
Armor: Robe              |    25 |    59 |    68 |    77 |    51 ||   280
Dodge: Dodged            |    39 |    83 |   228 |   295 |   184 ||   829
Block: Shield            |       |       |       |   175 |   150 ||   325

Table legend:
 A = Spawn XP
 B = Non-spawn XP
 C = Spawn XP percentage of total XP
 D = Spawn monster count
 E = Non-spawn monster count
 F = Spawn count percentage of total count
 G = Total turns spent on level
                    A         B        C        D         E        F      G
               +---------+---------+-------+---------+---------+-------+---------
         Total |       0 |   56722 |   0.0 |       0 |     459 |   0.0 | 15124
               +---------+---------+-------+---------+---------+-------+---------
           D:1 |       0 |      48 |   0.0 |       0 |      24 |   0.0 |   639
           D:2 |       0 |      85 |   0.0 |       0 |      25 |   0.0 |   789
           D:3 |       0 |     267 |   0.0 |       0 |      33 |   0.0 |   801
           D:4 |       0 |    1987 |   0.0 |       0 |      37 |   0.0 |  1253
           D:5 |       0 |     931 |   0.0 |       0 |      24 |   0.0 |   822
           D:6 |       0 |     309 |   0.0 |       0 |      23 |   0.0 |   545
           D:7 |       0 |    1402 |   0.0 |       0 |      21 |   0.0 |   940
           D:8 |       0 |    5652 |   0.0 |       0 |      33 |   0.0 |  1143
           D:9 |       0 |    2578 |   0.0 |       0 |      28 |   0.0 |  1018
          D:10 |       0 |    7808 |   0.0 |       0 |      41 |   0.0 |  1070
          D:11 |       0 |   10263 |   0.0 |       0 |      60 |   0.0 |  1295
          D:12 |       0 |    7392 |   0.0 |       0 |      22 |   0.0 |   656
        Lair:1 |       0 |    3878 |   0.0 |       0 |      14 |   0.0 |   868
        Lair:2 |       0 |    1067 |   0.0 |       0 |       7 |   0.0 |   769
        Lair:3 |       0 |    4306 |   0.0 |       0 |      15 |   0.0 |   873
        Lair:4 |       0 |    4739 |   0.0 |       0 |      22 |   0.0 |  1095
        Lair:5 |       0 |     885 |   0.0 |       0 |      15 |   0.0 |   174
         IceCv |       0 |    3125 |   0.0 |       0 |      15 |   0.0 |   359
               +---------+---------+-------+---------+---------+-------+---------
